 Dungeon Crawl Stone Soup version 0.29-a0-866-g0545e20025 (webtiles) character file.

Game seed: 18155913715513181153

30156 wrnklyr the Bewitcher (level 13, -2/63 HPs)
             Began as a Spriggan Enchanter on July 17, 2022.
             Was a High Priest of Dithmenos.
             Slain by a slime creature (14 damage)
             ... on level 14 of the Dungeon.
             The game lasted 00:43:08 (18934 turns).

wrnklyr the Bewitcher (Spriggan Enchanter)         Turns: 18934, Time: 00:43:08

Health: -2/63      AC:  8    Str: 13    XL:     13   Next: 19%
Magic:  24/32      EV: 22    Int: 16    God:    Dithmenos [*****.]
Gold:   964        SH:  0    Dex: 20    Spells: 18/41 levels left

rFire   . . .      SeeInvis +   k - +5 dagger (holy)
rCold   . . .      Faith    .   (no shield)
rNeg    . . .      Spirit   .   r - +2 robe {Will+}
rPois   .          Reflect  .   O - +2 hat
rElec   .          Harm     .   y - +1 cloak
rCorr   .          Rampage  .   (gloves unavailable)
Will    +++..                   (boots unavailable)
Stlth   ++++++++++              (no amulet)
HPRegen 0.20/turn               F - ring of wizardry
MPRegen 0.23/turn               C - +6 ring of strength

@: wreathed by umbra, very quick
A: very small, no large weapons, unfitting armour, see invisible, speed 3, agile
1
a: Renounce Religion, Shadow Step, Shadow Form


You were on level 14 of the Dungeon.
You worshipped Dithmenos.
Dithmenos was extremely pleased with you.
You visited 2 branches of the dungeon, and saw 15 of its levels.
You also visited: Bailey.

You collected 1094 gold pieces.
You spent 130 gold pieces at shops.

Inventory:

Hand Weapons
 a - a +1 dagger
 k - a +5 dagger of holy wrath (weapon)
 z - a +0 dagger of venom
Missiles
 h - 7 curare-tipped darts
 m - 16 poisoned darts (quivered)
 t - 2 throwing nets
Armour
 r - a +2 robe of willpower (worn)
 y - a +1 cloak (worn)
 O - a +2 hat (worn)
Jewellery
 b - a ring of magical power
 i - a ring of ice
 o - a +6 ring of intelligence
 x - a ring of resist corrosion
 B - a ring of protection from cold
 C - a +6 ring of strength (right hand)
 F - a ring of wizardry (left hand)
 L - a ring of protection from cold
Wands
 n - a wand of flame (4)
 p - a wand of digging (5)
 q - a wand of charming (15)
 D - a wand of light (5)
 E - a wand of roots (25)
Scrolls
 s - a scroll of amnesia
 A - 2 scrolls of vulnerability
 G - 6 scrolls of teleportation
 H - a scroll of blinking
 I - 2 scrolls of magic mapping
 J - a scroll of fog
 K - a scroll of fear
 M - a scroll of identify
Potions
 c - 3 potions of invisibility
 d - 7 potions of brilliance
 e - 5 potions of flight
 f - 3 potions of lignification
 g - 2 potions of attraction
 j - 3 potions of curing
 l - 2 potions of mutation
 u - 2 potions of magic
 v - 2 potions of haste
 w - 3 potions of cancellation
 N - a potion of might
 P - a potion of ambrosia


   Skills:
 - Level 4.4 Fighting
 - Level 5.8 Short Blades
 - Level 7.5 Dodging
 - Level 15.3 Stealth
 - Level 14.9 Spellcasting
 + Level 16.3 Hexes


You had 18 spell levels left.
You knew the following spells:

 Your Spells              Type           Power      Damage    Failure   Level
a - Ensorcelled Hibernat  Hex/Ice        76%        N/A       1%          2
b - Tukima's Dance        Hex            59%        N/A       0%          3
c - Dazzling Flash        Conj/Hex       76%        N/A       1%          3
d - Confusing Touch       Hex            59%        N/A       0%          3
e - Cause Fear            Hex            29%        N/A       1%          4
f - Discord               Hex            29%        N/A       17%         8

Your spell library contained the following spells:

 Spells                   Type           Power      Damage    Failure   Level
 Inner Flame              Hex/Fire       38%        N/A       1%          3
 Poisonous Vapours        Pois/Air       22%        N/A       3%          2
 Ozocubu's Armour         Ice            11%        N/A       7%          3
 Corpse Rot               Necr/Pois/Air  11%        N/A       22%         4
 Ozocubu's Refrigeration  Ice            5%         4d6       100%        7


Dungeon Overview and Level Annotations

Branches:
Dungeon (14/15)            Temple (1/1) D:5            Lair (0/6) D:10
    Orc (0/2) D:12         Bailey (visited)
 Vaults: D:13-14

Altars:
Ashenzari
Cheibriados
Dithmenos
Elyvilon
Gozag
Hepliaklqana
Makhleb
Nemelex Xobeh
Okawaru
Ru
Sif Muna
Trog
Uskayaw
Vehumet
Wu Jian
Xom
Yredelemnul
Zin
The Shining One
Lugonu

Shops:
D:11 ?

Annotations:
D:8 3 runed translucent doors, Rupert's ghost, novice DsBe
D:11 exclusion: ice statue
D:12 exclusions: ice statue and orange crystal statue
D:14 exclusion: 3 doors


Innate Abilities, Weirdness & Mutations

You are very small and have problems with some larger weapons.
You are too small for most types of armour.
You have supernaturally acute eyesight. (SInv)
You cover ground extremely quickly. (Speed+++)
You are agile. (Dex +4, Str/Int -1)


Message History

The slime creature easily resists.
The slime creature hits you but does no damage.
The slime creature closely misses you.
Casting: Ensorcelled Hibernation (safe; 1% risk of failure)
Confirm with . or Enter, or press ? or * to list all spells.
Aiming: Ensorcelled Hibernation (safe; 1% risk of failure)
Press: ? - help, Shift-Dir - straight line, f/p - slime creature
Aim: a slime creature (lightly wounded, umbra, chance to affect: 48%)
The slime creature resists with some effort.
The slime creature hits you!
* * * LOW HITPOINT WARNING * * *
The slime creature closely misses you.
Casting: Ensorcelled Hibernation (safe; 1% risk of failure)
Confirm with . or Enter, or press ? or * to list all spells.
Aiming: Ensorcelled Hibernation (safe; 1% risk of failure)
Press: ? - help, Shift-Dir - straight line, f/p - slime creature
Aim: a slime creature (lightly wounded, umbra, chance to affect: 48%)
The slime creature resists with some effort.
The slime creature hits you.
* * * LOW HITPOINT WARNING * * *
The slime creature hits you.
* * * LOW HITPOINT WARNING * * *
Casting: Ensorcelled Hibernation (safe; 1% risk of failure)
Confirm with . or Enter, or press ? or * to list all spells.
Aiming: Ensorcelled Hibernation (safe; 1% risk of failure)
Press: ? - help, Shift-Dir - straight line, f/p - large slime creature
Aim: a large slime creature (lightly wounded, umbra, chance to affect: 48%)
The large slime creature resists with some effort.
Your shadow mimicks your spell!
The large slime creature looks drowsy...
Unknown command.
You are too injured to fight recklessly!
A large slime creature splits.
The helpless slime creature fails to defend itself.
You spit the slime creature like a pig!!!!
You kill the slime creature!
Dithmenos accepts your kill.
The slime creature quivers.
The slime creature hits you!
You die...

#......##.....######
#..##..#########....
#..###### .....
#..'....# ... .....
#..#....#.... .....
#..######..# #..##
#..######..# ##
#..........# #.
#..@.......# #.
#..J.......# #.
#..........+ +.
#....##....# ##
#....##..$.### #
#...[#.......#
#....#.......#
#....#.......#
#######..##.##


You could see a slime creature.

Vanquished Creatures
  Kirke (D:12)
  Erolcha (D:9)
  Harold (D:10)
  3 hydras
  A two-headed ogre (D:11)
  3 centaur warriors
  Erica (D:10)
  Sonja (D:11)
  4 skeletal warriors (D:13)
  Lodul (D:11)
  An orc knight (Bailey)
  Pikel (D:4)
  A deep elf pyromancer (D:12)
  An ugly thing (D:13)
  3 cyclopes
  2 gargoyles
  4 kobold demonologists
  2 tengu conjurers (D:14)
  An ice devil (D:11)
  A troll (D:12)
  Grinder (D:5)
  11 slime creatures
  3 shadows
  A vampire (D:11)
  2 wraiths (D:9)
  3 hogs (D:11)
  17 yaks
  A wyvern (D:7)
  9 vampire mosquitoes
  An acid dragon (D:8)
  A water moccasin (D:6)
  Duvessa (D:5)
  2 ice beasts
  5 orc warriors
  3 sky beasts
  8 ogres
  8 centaurs
  2 phantoms (D:5)
  A kobold brigand (D:8)
  A gnoll sergeant (D:10)
  A necrophage (D:7)
  2 bullfrogs
  3 scorpions
  A wight (D:8)
  16 killer bees
  6 howler monkeys (D:12)
  2 hounds (D:5)
  A jelly (D:5)
  Crazy Yiuf (D:5)
  11 orc priests
  Ijyb (D:4)
  13 orc wizards
  Natasha (twice) (D:4)
  4 iguanas
  8 adders
  5 gnolls
  A shadow imp (D:7)
  2 white imps
  6 ufetubi (D:11)
  5 dart slugs
  33 orcs
  5 bats
  7 endoplasms
  11 goblins
  6 hobgoblins
  4 jackals (D:2)
  2 quokkas
  5 ball pythons
  8 frilled lizards
  10 kobolds
  5 rats
302 creatures vanquished.

Vanquished Creatures (collateral kills)
  A skeletal warrior (D:13)
  Sigmund (D:4)
  9 orc warriors
  A lemure (D:4)
  A gnoll sergeant (D:9)
  3 wights (D:8)
  Dowan (D:5)
  2 orc priests
  Natasha (D:4)
  3 orc wizards
  2 gnolls (D:9)
  15 orcs
40 creatures vanquished.

Vanquished Creatures (others)
  4 dancing weapons
  A human (D:14)
  A giant cockroach (D:4)
  A quokka (D:4)
  11 demonic plants (D:13)
  2 fungi (D:5)
  5 plants (D:13)
25 creatures vanquished.

Grand Total: 367 creatures vanquished

Notes
Turn   | Place    | Note
-------+----------+-------------------------------------------
     0 | D:1      | wrnklyr the Spriggan Enchanter began the quest for the Orb.
     0 | D:1      | Reached XP level 1. HP: 9/9 MP: 5/5
   147 | D:1      | Reached skill level 4 in Hexes
   243 | D:1      | Reached XP level 2. HP: 11/13 MP: 7/7
   246 | D:1      | Learned a level 2 spell: Ensorcelled Hibernation
   310 | D:1      | Found a faded altar of an unknown god.
   911 | D:2      | Reached XP level 3. HP: 16/16 MP: 9/9
   915 | D:2      | Learned a level 3 spell: Tukima's Dance
   919 | D:2      | Learned a level 3 spell: Confusing Touch
  2035 | D:3      | Reached XP level 4. HP: 21/21 MP: 11/11
  2156 | D:3      | Reached skill level 5 in Hexes
  3482 | D:4      | Noticed Ijyb
  3520 | D:4      | Reached XP level 5. HP: 10/24 MP: 4/13
  3529 | D:4      | Killed Ijyb
  3530 | D:4      | Reached skill level 5 in Spellcasting
  3735 | D:4      | Noticed Natasha
  3745 | D:4      | Killed Natasha
  3746 | D:4      | Reached skill level 6 in Hexes
  3994 | D:4      | Noticed Sigmund
  4001 | D:4      | Killed Sigmund
  4002 | D:4      | Reached XP level 6. HP: 28/28 MP: 5/16
  4165 | D:4      | Found a white marble altar of Elyvilon.
  4168 | D:4      | Noticed Natasha
  4177 | D:4      | Killed Natasha
  4259 | D:4      | Noticed Pikel
  4292 | D:4      | Gained mutation: You are dopey. (Int -2) [potion of
                  | mutation]
  4292 | D:4      | Lost mutation: You are dopey. (Int -2) [potion of mutation]
  4292 | D:4      | Gained mutation: You are agile. (Dex +4, Str/Int -1)
                  | [potion of mutation]
  4326 | D:4      | Killed Pikel
  4327 | D:4      | Reached skill level 8 in Hexes
  4327 | D:4      | Reached XP level 7. HP: 11/32 MP: 2/19
  4536 | D:4      | Noticed Natasha
  4544 | D:4      | Killed Natasha
  4871 | D:5      | Entered Level 5 of the Dungeon
  4938 | D:5      | Found a snail-covered altar of Cheibriados.
  4987 | D:5      | Learned a level 3 spell: Dazzling Flash
  5026 | D:5      | Reached XP level 8. HP: 36/36 MP: 18/21
  5110 | D:5      | Noticed Grinder
  5123 | D:5      | Killed Grinder
  5124 | D:5      | Reached skill level 9 in Hexes
  5221 | D:5      | Found a staircase to the Ecumenical Temple.
  5229 | Temple   | Entered the Ecumenical Temple
  5397 | Temple   | Became a worshipper of Dithmenos the Shadowed
  5434 | D:5      | Noticed Dowan
  5435 | D:5      | Noticed Duvessa
  5451 | D:5      | Killed Duvessa
  5464 | D:5      | Killed Dowan
  5660 | D:5      | Reached skill level 10 in Hexes
  6058 | D:5      | Reached skill level 10 in Spellcasting
  6540 | D:5      | Found a runed translucent door.
  6541 | D:5      | Noticed Crazy Yiuf
  6552 | D:5      | Killed Crazy Yiuf
  6674 | D:6      | Reached XP level 9. HP: 34/39 MP: 16/24
  7024 | D:6      | Reached * piety under Dithmenos
  7025 | D:6      | Reached skill level 11 in Hexes
  7633 | D:6      | Found a shimmering blue altar of Sif Muna.
  8868 | D:7      | Reached skill level 12 in Hexes
  9373 | D:8      | Found a broken altar of Ashenzari.
  9578 | D:8      | Found a runed translucent gate.
  9578 | D:8      | Found a runed translucent gate.
  9578 | D:8      | Found a runed translucent gate.
  9578 | D:8      | Found an opulent altar of Gozag.
  9634 | D:8      | Reached ** piety under Dithmenos
  9681 | D:8      | Noticed Rupert's ghost (novice DsBe)
  9682 | D:8      | Noticed an ice dragon
  9982 | D:8      | Found a flagged portal.
  9993 | Bailey   | Entered a bailey
 10130 | Bailey   | Reached XP level 10. HP: 23/44 MP: 15/27
 10288 | Bailey   | Noticed an orc knight
 10342 | Bailey   | Killed an orc knight
 10343 | Bailey   | Reached skill level 13 in Hexes
 10740 | Bailey   | Got the Verses on Boreal Blight
 11244 | D:9      | Noticed Erolcha
 11258 | D:9      | Killed Erolcha
 11413 | D:9      | Reached skill level 5 in Stealth
 12377 | D:9      | Reached *** piety under Dithmenos
 12939 | D:9      | Reached skill level 10 in Stealth
 12941 | D:9      | Reached XP level 11. HP: 47/47 MP: 24/29
 13034 | D:10     | Entered Level 10 of the Dungeon
 13480 | D:10     | Noticed Erica
 13491 | D:10     | Killed Erica
 13797 | D:10     | Found a staircase to the Lair.
 14235 | D:10     | Noticed Harold
 14273 | D:10     | Killed Harold
 14281 | D:10     | Reached **** piety under Dithmenos
 14331 | D:10     | Reached skill level 1 in Fighting
 14856 | D:11     | Noticed Sonja
 14859 | D:11     | Found Wezorot's Magic Scroll Shop.
 14870 | D:11     | Killed Sonja
 14871 | D:11     | Reached skill level 14 in Hexes
 14888 | D:11     | Bought a scroll of immolation for 52 gold pieces
 14888 | D:11     | Bought a scroll of teleportation for 39 gold pieces
 14888 | D:11     | Bought a scroll of teleportation for 39 gold pieces
 15230 | D:11     | Noticed Lodul
 15246 | D:11     | Killed Lodul
 15405 | D:11     | Noticed a two-headed ogre
 15412 | D:11     | Killed a two-headed ogre
 15815 | D:11     | Reached skill level 5 in Dodging
 16022 | D:11     | Noticed a five-headed hydra
 16034 | D:11     | Killed a five-headed hydra
 16035 | D:11     | Reached XP level 12. HP: 56/56 MP: 27/31
 16663 | D:12     | Noticed Kirke
 16960 | D:12     | Noticed a four-headed hydra
 16968 | D:12     | Killed a four-headed hydra
 17035 | D:12     | Killed Kirke
 17174 | D:12     | Found a hide-covered altar of Uskayaw.
 17192 | D:12     | Reached skill level 5 in Short Blades
 17198 | D:12     | Found a staircase to the Orcish Mines.
 17470 | D:13     | Noticed a five-headed hydra
 17481 | D:13     | Killed a five-headed hydra
 17512 | D:13     | Reached ***** piety under Dithmenos
 17521 | D:13     | Reached skill level 15 in Stealth
 17537 | D:13     | Reached skill level 15 in Hexes
 17838 | D:13     | Identified the +10 spear of Meowkumn {flame, Str+2 Dex+3}
 18139 | D:13     | Learned a level 4 spell: Cause Fear
 18148 | D:13     | Learned a level 8 spell: Discord
 18196 | D:13     | Noticed a centaur warrior
 18204 | D:13     | Killed a centaur warrior
 18373 | D:13     | Found a corrupted altar of Lugonu.
 18384 | D:13     | Reached XP level 13. HP: 63/63 MP: 27/32
 18852 | D:14     | Reached skill level 16 in Hexes
 18934 | D:14     | Slain by a slime creature

Illustrated notes

Levels and vault maps discovered:
D:1:      lemuel_arrival_river_bridge, layout_loops_ring,
          dreamdust_ecumenical_altar_angels_and_demons
D:2:      layout_loops_ring
D:3:      layout_loops_corners
D:4:      layout_rooms, elyvilon_altar_4, uniq_sigmund, uniq_natasha,
          uniq_pikel, uniq_ijyb
D:5:      layout_basic, kennysheep_slug_shrine, minmay_temple_entry_ruins,
          kennysheep_generic_room_3, uniq_crazy_yiuf_cottage, uniq_grinder,
          uniq_duvessa
D:6:      layout_cave_pools, kennysheep_orc_sif_temple, st_stairs_7,
          dreamdust_princess_bridge
D:7:      layout_basic
D:8:      layout_basic, cheibrodos_ashenzari_chains, enter_bailey_3,
          ebering_ghost_gozag
D:9:      layout_grid_maze, st_stairs_3, uniq_erolcha
D:10:     layout_basic, lair_entry_dummy, serial_curves, eino_curves_04,
          eino_curves_04, uniq_erica, uniq_harold
D:11:     cheibrodos_frozen_isle, layout_irregular_city, serial_shops,
          nicolae_shop_waterfront, uniq_lodul, uniq_sonja
D:12:     minmay_separated_statues, layout_rooms, minmay_orc_entry_temple_small,
          dancing_weapons_uskayaw, uniq_kirke
D:13:     kennysheep_kobold_lugonu_temple, layout_basic
D:14:     layout_gridville, ximxim_vaults_locker_room
Temple:   hc_temple_tempest_star

Skill      XL: |  1  2  3  4  5  6  7  8  9 10 11 12 13 |
---------------+----------------------------------------+-----
Spellcasting   | 3 4 6 7 8 10 12 13 14 | 14.9
Hexes          | 4 5 6 8 10 12 13 14 15 16 | 16.3
Stealth        | 10 14 15 | 15.3
Dodging        | 5 7 |  7.5
Short Blades   | 3 5 |  5.8
Fighting       | 2 4 |  4.4

Action                   |  1- 3 |  4- 6 |  7- 9 | 10-12 | 13-15 || total
-------------------------+-------+-------+-------+-------+-------++-------
Melee: Dagger            |   110 |   126 |   246 |   364 |    30 ||   876
       Punch             |     3 |       |     5 |     2 |       ||    10
Throw: Dart              |       |     7 |       |     1 |       ||     8
 Cast: Ensorcelled Hiber |    10 |    18 |    44 |   112 |    13 ||   197
       Confusing Touch   |       |     2 |    13 |    16 |       ||    31
       Tukima's Dance    |       |     8 |    19 |    48 |       ||    75
       Dazzling Flash    |       |       |       |     7 |       ||     7
Evoke: Wand              |       |       |     1 |    37 |     1 ||    39
  Use: Scroll            |     5 |     5 |     7 |    11 |       ||    28
       Potion            |       |     5 |       |     8 |       ||    13
 Stab: Sleeping          |    16 |    13 |    37 |    83 |    13 ||   162
       Confused          |       |     1 |    16 |    18 |       ||    35
       Invisible         |       |     2 |     1 |     6 |       ||     9
       Distracted        |       |       |       |     4 |       ||     4
Armor: Robe              |     6 |     9 |    28 |    48 |     8 ||    99
Dodge: Dodged            |    68 |    70 |   164 |   348 |    55 ||   705

Table legend: (Time is in decaauts)
 A = Elapsed time spent in this place.
 B = Non-inter-level travel time spent in this place.
 C = Inter-level travel time spent in this place.
 D = Time resting spent in this place.
 E = Time spent auto-exploring this place.
 F = Levels seen in this place.
 G = Mean time per level.
                   A        B        C        D        E       F      G
               +--------+--------+--------+--------+--------+-----+--------+
         Total |  15135 |  14799 |    336 |   1923 |  10116 |  16 |  945.9 |
       Dungeon |  14263 |  13935 |    328 |   1843 |   9515 |  14 | 1018.8 |
        Temple |    125 |    118 |      7 |      0 |    103 |   1 |  125.0 |
        Bailey |    746 |    746 |      0 |     80 |    497 |   1 |  746.0 |
               +--------+--------+--------+--------+--------+-----+--------+

Top non-repeatable levels by time:
    D:10: 1500 daAuts
    D:11: 1492 daAuts
     D:9: 1461 daAuts
     D:5: 1406 daAuts
     D:3: 1392 daAuts
     D:7: 1120 daAuts
    D:13: 1109 daAuts
     D:4: 1005 daAuts
     D:6: 949 daAuts
     D:2: 837 daAuts
  Bailey: 746 daAuts
     D:8: 665 daAuts
     D:1: 627 daAuts
    D:12: 589 daAuts
  Temple: 125 daAuts
